 Dungeon Crawl Stone Soup version 0.19.0-20-gbc5f0c6 (webtiles) character file.

330 Gargo the Digger (level 6, 0/32 HPs)
             Began as a Gargoyle Earth Elementalist on Nov 17, 2016.
             Was an Initiate of Vehumet.
             Killed from afar by an orc wizard (11 damage)
             ... with a puff of frost
             ... on level 5 of the Dungeon.
             The game lasted 00:22:29 (4665 turns).

Gargo the Digger (Gargoyle Earth Elementalist)      Turns: 4665, Time: 00:22:30

Health: 0/32       AC:  9    Str: 12    XL:     6   Next: 51%
Magic:  10/14      EV: 12    Int: 17    God:    Vehumet [......]
Gold:   130        SH:  0    Dex: 10    Spells: 2 memorised, 11 levels left

rFire  . . .     SeeInvis .     a - +2 mace (venom)
rCold  . . .     Gourm    .     c - +0 robe
rNeg   + . .     Faith    .     (no shield)
rPois  ∞         Spirit   .     k - +0 helmet
rElec  +         Reflect  .     (no cloak)
rCorr  .         Harm     .     (no gloves)
MR     .....                    t - +0 pair of boots
Stlth  ++........               q - amulet of inaccuracy (curse)
                                n - +1 ring of protection
                                l - -3 ring of slaying (curse)

@: no status effects
A: negative energy resistance 1, electricity resistance, unbreathing,
petrification resistance, rot immunity, AC +4
a: Renounce Religion


You were on level 5 of the Dungeon.
You worshipped Vehumet.
Vehumet was noncommittal.
You were not hungry.

You visited 1 branch of the dungeon, and saw 5 of its levels.

You collected 130 gold pieces.

Inventory:

Hand Weapons
 a - a +2 mace of venom (weapon)
 f - a +0 club
 h - a +0 dagger
 C - a +1 short sword
 E - a +4 whip
Missiles
 b - 121 stones (quivered)
 o - 3 curare-tipped needles
 z - 6 poisoned javelins
 F - 5 tomahawks of returning
Armour
 c - a +0 robe (worn)
 k - a +0 helmet (worn)
 m - a +1 buckler
 t - a +0 pair of boots (worn)
Jewellery
 l - a cursed -3 ring of slaying (left hand)
 n - a +1 ring of protection (right hand)
 q - a cursed amulet of inaccuracy (around neck)
 x - an uncursed ring of positive energy
 y - an uncursed amulet of rage {unknown}
Wands
 r - a wand of flame (13/48)
Scrolls
 i - 2 scrolls of identify
 j - 2 scrolls of random uselessness
 s - a scroll of teleportation
 D - a scroll of fear
Potions
 g - a potion of agility {unknown}
 p - 2 potions of degeneration {unknown}
 w - a potion of brilliance {unknown}
 B - a potion of resistance {unknown}
Books
 e - a book of Geomancy

   Spells                             Type                      Level
   a - Sandblast                      Earth                        1
   b - Passwall                       Transmutation/Earth          2
   c - Stone Arrow                    Conjuration/Earth            3
   d - Petrify                        Transmutation/Earth          4
   e - Lee's Rapid Deconstruction     Earth                        5
Comestibles
 d - 4 bread rations
 v - 2 fruits
 A - a beef jerky


   Skills:
 - Level 1.5 Dodging
 - Level 2.1 Stealth
 * Level 5.3 Spellcasting
   Level 0.7 Transmutations
 + Level 5.4 Earth Magic


You had 11 spell levels left.
You knew the following spells:

 Your Spells              Type           Power        Failure   Level  Hunger
a - Sandblast             Erth           ###...       1%          1    None
A - Stone Arrow           Conj/Erth      ##....       14%         3    ##.....


Dungeon Overview and Level Annotations

Branches:
Dungeon (5/15)
 Temple: D:4-7

Altars:
Okawaru
Qazlal
Vehumet

Annotations:
D:4 Frank's ghost, amateur GrGl


Innate Abilities, Weirdness & Mutations

You are resistant to torment.
Your stone body is resilient. (AC +4)
You are immune to poison.
You resist negative energy. (rN+)
You are resistant to electric shocks. (rElec)
You can survive without breathing.
You are immune to petrification.
You are immune to rotting.


Message History

The orc moves out of view.
The orc wizard barely misses you.
There is a stone staircase leading down here.
The orc hits you from afar with a trident!
The orc wizard barely misses you.
You climb downwards.
There is a stone staircase leading up here.
You miss the orc wizard.
The orc wizard is heavily wounded.
The orc wizard looks more healthy.
The orc wizard hits you but does no damage.
You miss the orc wizard.
The orc wizard is severely wounded.
The orc wizard casts a spell at you. The puff of flame hits you!
You miss the orc wizard.
The orc wizard is severely wounded.
The orc wizard closely misses you. The orc wizard casts a spell at you.
The puff of frost hits you!
You die...

###
#@#
#o#
#.#
#.#
...
###


You could see an orc wizard.

Vanquished Creatures
  An ogre (D:4)
  A scorpion (D:4)
  4 gnolls
  7 adders
  An ooze (D:2)
  6 worms
  2 dart slugs
  4 leopard geckos
  7 orcs
  2 ball pythons
  6 giant cockroaches
  6 goblins
  5 hobgoblins
  2 quokkas
  6 bats
  3 frilled lizards
  7 kobolds
  7 rats
77 creatures vanquished.

Notes
Turn   | Place    | Note
-------+----------+-------------------------------------------
     0 | D:1      | Gargo the Gargoyle Earth Elementalist began the quest for the Orb.
     0 | D:1      | Reached XP level 1. HP: 10/10 MP: 3/3
   649 | D:1      | Reached XP level 2. HP: 15/15 MP: 2/5
  1566 | D:3      | Reached XP level 3. HP: 19/19 MP: 5/7
  1576 | D:3      | Learned a level 3 spell: Stone Arrow
  1685 | D:2      | Found an iron altar of Okawaru.
  1827 | D:1      | Reached XP level 4. HP: 13/24 MP: 1/9
  2742 | D:2      | Reached XP level 5. HP: 28/28 MP: 11/11
  3529 | D:3      | Found a stormy altar of Qazlal.
  3722 | D:4      | Found a radiant altar of Vehumet.
  3722 | D:4      | Noticed an ogre
  3733 | D:4      | Killed an ogre
  3733 | D:4      | Reached skill level 5 in Spellcasting
  3733 | D:4      | Reached skill level 5 in Earth Magic
  3733 | D:4      | Reached XP level 6. HP: 31/32 MP: 8/13
  3791 | D:4      | Became a worshipper of Vehumet
  4021 | D:4      | Noticed Frank's ghost (amateur GrGl)
  4319 | D:5      | Entered Level 5 of the Dungeon
  4665 | D:5      | Killed from afar by an orc wizard

Skill      XL: |  1  2  3  4  5 |
---------------+----------------+-----
Spellcasting   | 3 4 5 |  5.3
Earth Magic    | 4 5 |  5.4
Dodging        | |  1.5
Stealth        | |  2.1
Transmutations | |  0.7

Action                   |  1- 3 |  4- 6 || total
-------------------------+-------+-------++-------
Melee: Club              |    16 |       ||    16
       Dagger            |    27 |       ||    27
       Short sword       |     7 |    85 ||    92
       Mace              |       |    21 ||    21
 Cast: Sandblast         |    58 |   142 ||   200
Evoke: Wand              |       |     3 ||     3
  Use: Scroll            |     1 |     7 ||     8
       Potion            |       |     4 ||     4
 Stab: Sleeping          |     5 |     4 ||     9
  Eat: Chunk             |     3 |     9 ||    12
Armor: Robe              |    25 |   122 ||   147
Dodge: Dodged            |    55 |   141 ||   196
